 Dungeon Crawl Stone Soup version 0.31-a0-609-g7bf6ffcfed (webtiles) character file.

Game seed: 4751284976596344433

106138 rjrrt the Executioner (level 15, 0/211 HPs)
             Began as a Minotaur Berserker on Aug 21, 2023.
             Was the Champion of Trog.
             Slain by an orc knight
             ... wielding a +3 bardiche of venom
              (2 damage)
             ... while petrified by a basilisk
             ... on level 15 of the Dungeon.
             The game lasted 00:53:55 (22187 turns).

rjrrt the Executioner (Minotaur Berserker)         Turns: 22187, Time: 00:53:55

Health: 0/211      AC: 29    Str: 30    XL:     15   Next: 96%
Magic:  14/14      EV:  2    Int:  4    God:    Trog [******]
Gold:   2544       SH:  0    Dex: 12    Spells: 14/14 levels left

rFire   + . .        a - +1 battleaxe (vamp)
rCold   + . .        (shield currently unavailable)
rNeg    + + +        R - +3 plate armour {rC+}
rPois   ∞            w - +1 hat
rElec   .            e - +0 cloak
rCorr   .            K - +2 pair of gloves {Str+3}
SInv    +            q - +2 pair of boots
Will    +....        H - amulet of reflection Stlth
                     U - ring of see invisible
HPRegen 0.55/turn    A - ring of protection from fire
MPRegen 0.14/turn

%: reflection
@: berserking, lethally poisoned (0 -> 0), petrified
A: horns 2, retaliatory headbutt
a: Renounce Religion, Berserk, Trog's Hand, Brothers in Arms


You were on level 15 of the Dungeon.
You worshipped Trog.
Trog was exalted by your worship.
You visited 3 branches of the dungeon, and saw 22 of its levels.
You also visited: Sewer and Ice Cave.

You collected 2544 gold pieces.

Inventory:

Hand Weapons
 a - a +1 vampiric battleaxe (weapon)
 b - a +4 trident
 f - a +0 executioner's axe of flaming
 y - a +1 broad axe of flaming
 I - the +7 war axe of the Enchanted Forest {heavy, rElec Str+2 Int+2}
   (You found it on level 1 of the Lair of Beasts)

   Str+2:     It affects your strength (+2).
   Int+2:     It affects your intelligence (+2).
   rElec:     It insulates you from electricity.
 N - a +3 antimagic battleaxe
Missiles
 c - 3 silver javelins
 l - 6 boomerangs (quivered)
 D - 4 javelins
Armour
 e - a +0 cloak (worn)
 q - a +2 pair of boots (worn)
 t - +0 swamp dragon scales
 w - a +1 hat (worn)
 K - a +2 pair of gloves of strength (worn)
 R - a +3 plate armour of cold resistance (worn)
Jewellery
 o - a ring of positive energy
 A - a ring of protection from fire (right hand)
 H - an amulet of reflection (around neck)
 S - the ring of the Skies Above {Fire Fly Str-4 Dex+4 Stlth+}
   (You took it off an efreet on level 11 of the Dungeon)

   [ring of fire]

   Fire:      It enhances your fire magic.
   Str-4:     It affects your strength (-4).
   Dex+4:     It affects your dexterity (+4).
   rF+:       It protects you from fire.
   rC-:       It makes you vulnerable to cold.
   Fly:       It grants you flight.
   Stlth+:    It makes you more stealthy.
 U - a ring of see invisible (left hand)
Wands
 g - a wand of light (8)
 n - a wand of roots (14)
 s - a wand of charming (14)
 F - a wand of polymorph (9)
Scrolls
 d - 5 scrolls of fear
 j - 5 scrolls of teleportation
 p - 3 scrolls of revelation
 z - a scroll of immolation
 B - 2 scrolls of enchant weapon
 G - 3 scrolls of fog
 J - a scroll of silence
 M - a scroll of identify
 P - a scroll of summoning
 Q - a scroll of poison
Potions
 h - 2 potions of enlightenment
 i - 7 potions of mutation
 k - 3 potions of might
 m - 3 potions of lignification
 r - 2 potions of berserk rage
 u - 5 potions of curing
 v - 2 potions of ambrosia
 x - 2 potions of heal wounds
 C - 4 potions of attraction
 E - 2 potions of cancellation
 L - a potion of resistance
Miscellaneous
 O - a phantom mirror


   Skills:
 + Level 15.1 Fighting
 * Level 22.1 Axes
 + Level 14.9 Armour
 + Level 13.7 Dodging
 - Level 5.3 Shields
 - Level 4.0 Evocations


You had 14 spell levels left.
You didn't know any spells.
Your spell library was empty.

Dungeon Overview and Level Annotations

Branches:
Dungeon (15/15)            Temple (0/1) D:6            Lair (5/5) D:8
  Swamp (0/4) Lair:2       Spider (0/4) Lair:3        Slime (0/5) Lair:5
    Orc (2/2) D:9             Elf (0/3) Orc:2        Vaults (0/5) D:13
  Sewer (visited)           IceCv (visited)
 Depths: D:15

Altars:
Fedhas
Gozag
Hepliaklqana
Kikubaaqudgha
Makhleb
Qazlal
Ru
Sif Muna
Uskayaw
Yredelemnul
Jiyva

Shops:
D:13 :   Orc:2 [([[:


Innate Abilities, Weirdness & Mutations

You have a pair of horns on your head.
You reflexively headbutt those who attack you in melee.


Message History

Your limbs have turned to stone.
The orc knight hits you but does no damage.
You have turned to stone.
The orc warrior hits you with a +0 scimitar!!
* * * LOW HITPOINT WARNING * * *
The manticore bites you but does no damage.
The manticore claws you but does no damage.
The manticore claws you.
* * * LOW HITPOINT WARNING * * *
The basilisk bites you but does no damage.
The orc knight hits you but does no damage.
The orc warrior hits you with a +0 scimitar!
* * * LOW HITPOINT WARNING * * *
The manticore bites you but does no damage.
The manticore claws you but does no damage. x2
The basilisk bites you!
* * * LOW HITPOINT WARNING * * *
The orc knight barely misses you.
The orc warrior hits you but does no damage.
The manticore bites you!
* * * LOW HITPOINT WARNING * * *
The manticore claws you but does no damage.
The manticore completely misses you.
The basilisk bites you but does no damage.
The orc knight barely misses you.
The manticore bites you but does no damage.
The manticore claws you but does no damage. x2
The basilisk bites you!
* * * LOW HITPOINT WARNING * * *
The orc warrior completely misses you.
The orc knight hits you but does no damage.
The manticore bites you!
* * * LOW HITPOINT WARNING * * *
The manticore claws you but does no damage. x2
The orc warrior hits you with a +0 scimitar!!
* * * LOW HITPOINT WARNING * * *
The basilisk hisses menacingly.
The basilisk barely misses you.
The orc knight hits you from afar with a +3 bardiche of venom.
You die...

..##(...............#
#........†............#.
.....................##
....................##.
.............).........
...........(...........
.......................
................).).?..
...........o@l......
......#...H)).[....
...........o......
.................
.............##.
..............#
................
.(............#


You could see an orc knight, a manticore, a basilisk and an orc warrior
(strong).

Vanquished Creatures
  Saint Roka (Orc:2)
  Gastronok (D:8)
  2 ettins (Orc:1)
  A fire dragon (Lair:5)
  Josephine (Lair:4)
  A vault guard (D:13)
  3 hydras
  An ogre mage (D:11)
  2 ironbound frosthearts (IceCv)
  A catoblepas (Lair:1)
  5 centaur warriors
  4 two-headed ogres
  5 boulder beetles
  13 death yaks
  Urug (Lair:2)
  A demonic crawler (Lair:3)
  Amaemon (D:8)
  3 skysharks
  A lindwurm (Lair:5)
  2 deep elf pyromancers
  4 necromancers (D:13)
  A wolf spider (D:11)
  2 orc knights (Orc:2)
  7 ugly things
  3 orc sorcerers (Orc:2)
  3 manticores
  7 cyclopes
  20 elephants
  6 black mambas
  An ice statue (IceCv)
  A gargoyle (D:12)
  An orange demon (D:8)
  Joseph (D:9)
  14 cane toads
  2 molten gargoyles (Lair:5)
  An unseen horror zombie (D:7)
  5 kobold demonologists
  Maggie (D:8)
  Psyche (D:11)
  A yaktaur (D:11)
  10 komodo dragons
  An unseen horror (D:13)
  6 rime drakes
  4 efreet
  A meliai (Lair:3)
  11 polar bears
  7 trolls
  13 dream sheep (Lair:4)
  12 blink frogs
  A hornet (D:10)
  9 slime creatures
  3 shadows
  Sigmund (D:4)
  5 wyverns
  10 wraiths
  Eustachio (D:4)
  62 yaks
  A vampire (D:11)
  20 humans (D:13)
  6 steam dragons
  9 basilisks
  5 vampire mosquitoes
  3 swamp worms (Lair:3)
  6 wargs
  An acid dragon (D:11)
  17 water moccasins
  5 hell hounds (Lair:5)
  31 orc warriors
  2 black bears (D:8)
  2 sky beasts (D:7)
  A hornet zombie (D:7)
  7 ogres
  12 centaurs
  25 wolves
  4 phantoms
  2 kobold brigands
  10 bullfrogs
  A gnoll sergeant (D:6)
  A wyvern zombie (D:7)
  6 scorpions
  8 wights
  The ghost of Age the Covered, a weakling MiFi (D:3)
  11 killer bees
  5 howler monkeys
  5 lava snakes (Lair:5)
  5 jellies
  2 hounds
  19 orc priests
  2 sleepcaps (D:6)
  3 iguanas
  5 hell rats (Lair:3)
  25 orc wizards
  A killer bee zombie (D:7)
  5 gnolls
  6 adders
  2 river rats (D:6)
  2 white imps (D:5)
  An ufetubus (D:5)
  3 worms
  89 orcs
  9 bats
  4 endoplasms
  2 giant cockroaches
  2 goblins
  6 hobgoblins
  4 jackals (D:3)
  A quokka (D:2)
  9 ball pythons
  A frilled lizard (D:2)
  16 kobolds
  9 rats
729 creatures vanquished.

Vanquished Creatures (collateral kills)
  3 yaks (Lair:5)
3 creatures vanquished.

Vanquished Creatures (others)
  A wolf (IceCv)
  An orc priest (Orc:2)
  A giant cockroach (D:6)
3 creatures vanquished.

Grand Total: 735 creatures vanquished

Notes
Turn   | Place    | Note
-------+----------+-------------------------------------------
     0 | D:1      | rjrrt the Minotaur Berserker began the quest for the Orb.
     0 | D:1      | Reached XP level 1. HP: 19/19 MP: 0/0
    77 | D:1      | Reached skill level 4 in Axes
    77 | D:1      | Reached XP level 2. HP: 23/27 MP: 1/1
   472 | D:2      | Reached XP level 3. HP: 32/33 MP: 2/2
   472 | D:2      | Reached ** piety under Trog
   703 | D:2      | You fall into a shaft and drop 2 floors!
   802 | D:4      | Reached XP level 4. HP: 27/40 MP: 3/3
   925 | D:4      | Noticed a scorpion
   934 | D:4      | Killed a scorpion
   935 | D:4      | Reached skill level 5 in Axes
   935 | D:4      | Reached XP level 5. HP: 40/47 MP: 4/4
   985 | D:4      | Noticed Sigmund
   989 | D:4      | Killed Sigmund
   990 | D:4      | Reached XP level 6. HP: 55/55 MP: 5/5
  1038 | D:4      | Reached skill level 5 in Fighting
  1099 | D:4      | Noticed Eustachio
  1121 | D:4      | Killed Eustachio
  1122 | D:4      | Reached skill level 6 in Axes
  1689 | D:3      | Found a shimmering blue altar of Sif Muna.
  2329 | D:3      | Found a large runed translucent door.
  2329 | D:3      | Found a large runed translucent door.
  2333 | D:3      | Noticed Age's ghost (weakling MiFi)
  2341 | D:3      | Killed Age's ghost
  2342 | D:3      | Reached XP level 7. HP: 61/61 MP: 6/6
  3072 | D:5      | Entered Level 5 of the Dungeon
  3157 | D:5      | Reached *** piety under Trog
  3158 | D:5      | Reached skill level 7 in Axes
  3274 | D:5      | Reached skill level 5 in Armour
  3589 | D:5      | Found a sacrificial altar of Ru.
  3785 | D:6      | Reached skill level 8 in Axes
  3792 | D:6      | Reached XP level 8. HP: 62/70 MP: 7/7
  3860 | D:6      | Reached skill level 9 in Axes
  3924 | D:6      | Found a glowing drain.
  3977 | Sewer    | Entered a sewer
  4018 | Sewer    | Reached skill level 10 in Axes
  4116 | D:6      | Found a staircase to the Ecumenical Temple.
  4358 | D:6      | Reached skill level 11 in Axes
  4563 | D:6      | Noticed a troll
  4580 | D:6      | Killed a troll
  4581 | D:6      | Reached XP level 9. HP: 57/75 MP: 8/8
  4585 | D:6      | Reached skill level 12 in Axes
  5078 | D:7      | Noticed a kobold demonologist
  5085 | D:7      | Noticed a rust devil
  5085 | D:7      | Killed a kobold demonologist
  5086 | D:7      | Reached skill level 5 in Dodging
  5086 | D:7      | Reached skill level 1 in Evocations
  5087 | D:7      | Noticed a kobold demonologist
  5088 | D:7      | Noticed a kobold demonologist
  5093 | D:7      | Reached **** piety under Trog
  5096 | D:7      | Noticed a kobold demonologist
  5239 | D:7      | Reached skill level 13 in Axes
  5241 | D:7      | Killed a kobold demonologist
  5243 | D:7      | Noticed a red devil
  5251 | D:7      | Killed a kobold demonologist
  5252 | D:7      | Killed a kobold demonologist
  5328 | D:7      | Found a stormy altar of Qazlal.
  5489 | D:7      | Reached XP level 10. HP: 77/86 MP: 9/9
  5833 | D:7      | Reached skill level 14 in Axes
  6386 | D:8      | Found a blossoming altar of Fedhas.
  6405 | D:8      | Reached ***** piety under Trog
  6416 | D:8      | Noticed Gastronok
  6440 | D:8      | Killed Gastronok
  6441 | D:8      | Reached XP level 11. HP: 79/95 MP: 10/10
  6616 | D:8      | Noticed Maggie
  6622 | D:8      | Killed Maggie
  6623 | D:8      | Reached skill level 15 in Axes
  6652 | D:8      | Noticed a +0 spear
  6652 | D:8      | Noticed a +0 short sword
  6652 | D:8      | Noticed a +0 spear
  6653 | D:8      | Noticed a +0 falchion
  6653 | D:8      | Noticed a +0 short sword
  6654 | D:8      | Noticed a +0 falchion
  6654 | D:8      | Noticed a +0 dagger
  6654 | D:8      | Noticed a +0 dagger
  6677 | D:8      | Found a staircase to the Lair.
  6926 | D:8      | Found a hide-covered altar of Uskayaw.
  6995 | D:8      | Noticed Amaemon
  7017 | D:8      | Killed Amaemon
  7141 | Lair:1   | Entered Level 1 of the Lair of Beasts
  7165 | Lair:1   | Identified the +7 war axe of the Enchanted Forest {heavy,
                  | rElec Str+2 Int+2}
  7418 | Lair:1   | Noticed a catoblepas
  7428 | Lair:1   | Killed a catoblepas
  7744 | Lair:1   | Reached skill level 16 in Axes
  8359 | Lair:2   | Noticed Urug
  8372 | Lair:2   | Killed Urug
  8373 | Lair:2   | Reached skill level 10 in Fighting
  8373 | Lair:2   | Reached XP level 12. HP: 53/106 MP: 11/11
  8822 | Lair:2   | Noticed a five-headed hydra
  8832 | Lair:2   | Killed a five-headed hydra
  9039 | Lair:2   | Reached skill level 10 in Armour
  9053 | Lair:2   | Found a staircase to the Swamp.
  9310 | Lair:3   | Reached skill level 17 in Axes
  9329 | Lair:3   | Noticed a death yak
  9331 | Lair:3   | Noticed a death yak
  9332 | Lair:3   | Noticed a death yak
  9336 | Lair:3   | Noticed a death yak
  9338 | Lair:3   | Killed a death yak
  9339 | Lair:3   | Noticed a death yak
  9342 | Lair:3   | Killed a death yak
  9345 | Lair:3   | Killed a death yak
  9346 | Lair:3   | Killed a death yak
  9353 | Lair:3   | Killed a death yak
  9673 | Lair:3   | Noticed a demonic crawler
  9681 | Lair:3   | Killed a demonic crawler
  9684 | Lair:3   | Reached skill level 10 in Dodging
 10200 | Lair:3   | Received a gift from Trog
 10201 | Lair:3   | Reached skill level 18 in Axes
 10280 | Lair:3   | Found a hole to the Spider Nest.
 10618 | Lair:4   | Reached XP level 13. HP: 102/116 MP: 12/12
 11341 | Lair:4   | Noticed Josephine
 11350 | Lair:4   | Killed Josephine
 11363 | Lair:4   | Reached skill level 19 in Axes
 11787 | Lair:5   | Entered Level 5 of the Lair of Beasts
 11797 | Lair:5   | Received a gift from Trog
 12044 | Lair:5   | Found a viscous altar of Jiyva.
 12658 | Lair:5   | Reached XP level 14. HP: 127/127 MP: 13/13
 12814 | Lair:5   | Found a staircase to the Slime Pits.
 13123 | Lair:5   | Reached skill level 20 in Axes
 13337 | Lair:5   | Found a large runed translucent door.
 13338 | Lair:5   | Found a large runed translucent door.
 13864 | D:9      | Found an ancient bone altar of Kikubaaqudgha.
 13905 | D:9      | Noticed Joseph
 13910 | D:9      | Killed Joseph
 13934 | D:9      | Received a gift from Trog
 14109 | D:9      | Found a staircase to the Orcish Mines.
 14140 | D:9      | Found a hazy altar of Hepliaklqana.
 14444 | Orc:1    | Entered Level 1 of the Orcish Mines
 14457 | Orc:1    | Reached skill level 1 in Shields
 14785 | Orc:2    | Entered Level 2 of the Orcish Mines
 14785 | Orc:2    | Found a staircase to the Elven Halls.
 14927 | Orc:2    | Found Vaefoero's Antique Armour Shoppe.
 15411 | Orc:2    | Reached skill level 5 in Shields
 15415 | Orc:2    | Found Derioc's Book Shop.
 15759 | Orc:2    | Noticed Saint Roka
 15779 | Orc:2    | Killed Saint Roka
 15914 | Orc:2    | Found Issatzal's Antique Weapon Shop.
 15918 | Orc:2    | Found Plog's Antique Armour Boutique.
 16072 | Orc:2    | Found Judaibb's Antique Armour Shoppe.
 16315 | D:10     | Entered Level 10 of the Dungeon
 16494 | D:10     | Found an opulent altar of Gozag.
 16512 | D:10     | Found a basalt altar of Yredelemnul.
 16767 | D:10     | Found a burning altar of Makhleb.
 16767 | D:10     | Noticed a balrug
 17319 | D:11     | Noticed Psyche
 17326 | D:11     | Killed Psyche
 17326 | D:11     | Reached ****** piety under Trog
 17886 | D:11     | Identified the ring of the Skies Above {Fire Fly Str-4
                  | Dex+4 Stlth+}
 18056 | D:11     | Received a gift from Trog
 18085 | D:11     | Found the +4 robe of Folly {Brill Will-∞ Int+8}
 18093 | D:11     | Found a runed translucent door.
 18094 | D:11     | Found a runed translucent door.
 18099 | D:11     | Reached XP level 15. HP: 137/137 MP: 14/14
 18453 | D:12     | Found a frozen archway.
 18459 | IceCv    | Entered an ice cave
 18810 | IceCv    | Reached skill level 21 in Axes
 18993 | IceCv    | Identified the +12 battleaxe "Qinothrinlu" {heavy, rF+ rN+}
                  | (Trog gifted it to you in an ice cave)
 18993 | IceCv    | Received a gift from Trog
 19743 | D:12     | Found a blossoming altar of Fedhas.
 19924 | D:13     | Identified the +1 ring mail of Undesirable Species {+Inv
                  | rPois rN++ Dex-2}
 19958 | D:13     | Found a gate to the Vaults.
 20037 | D:13     | Received a gift from Trog
 20718 | D:13     | Found Suuton's Self-Published Books.
 21356 | D:14     | Reached skill level 22 in Axes
 21426 | D:14     | Reached skill level 15 in Fighting
 22124 | D:15     | Entered Level 15 of the Dungeon
 22187 | D:15     | HP: 2/211 [orc warrior/+0 scimitar[an orc knight] (9)]
 22187 | D:15     | Slain by an orc knight

Illustrated notes

Levels and vault maps discovered:
D:1:      spicycebolla_arrival_xxxplode, layout_basic, nrook_uturn
D:2:      layout_rooms
D:3:      layout_basic, nicolae_sif_muna_condensation,
          ebering_ghost_disaster_area, dk_noncrumbling_2
D:4:      cheibrodos_quashed, layout_loops_ring, nicolae_nh_ransacked_shop,
          uniq_sigmund, uniq_eustachio
D:5:      layout_rooms, nicolae_ru_sacrificial_ziggurat
D:6:      minmay_chambers_of_sixes, layout_basic, minmay_temple_entry_grid,
          portal_sewer_entry_b
D:7:      layout_basic, general_overflow_altar, serial_undead, serial_undead_c,
          serial_undead_f, serial_undead_a, serial_undead_a,
          nicolae_elevator_lobby_plus
D:8:      layout_cave_pools, mainiacjoe_overflow_small_starburst,
          nicolae_uskayaw_en_pointe, due_lair_maze_entry_diamond,
          uniq_gastronok, uniq_maggie, uniq_amaemon
D:9:      layout_cave_pools, mainiacjoe_overflow_tiny_flanked,
          nzn_hepliaklqana_mist_gate, orc_0_dummy, uniq_joseph
D:10:     layout_basic, makhleb_altar_promises_db, grunt_temple_overflow_open
D:11:     minmay_the_grid_four_pointed_star
          [minmay_the_grid_triangle_9x9_warning,
          minmay_the_grid_triangle_9x9_tough_junction,
          minmay_the_grid_triangle_9x9_descending_squares,
          minmay_the_grid_triangle_9x9_impossible_snake,
          minmay_the_grid_prize_trominoes], layout_grid_maze, minmay_hedge_maze,
          uniq_psyche
D:12:     layout_roguey, portal_ice_cave_entry_pillars_1, fedhas_altar_4
D:13:     layout_layer_cave, grunt_vaults_entry_tiered, nicolae_custom_books
D:14:     layout_loops_ring
D:15:     grunt_enter_depths_hoard, layout_cave_pools,
          nicolae_dithmenos_the_darkroom
Lair:1:   layout_cave_shapes, infiniplex_staircase_pool_2
Lair:2:   layout_chaotic_city, swamp_mist_pool, uniq_urug
Lair:3:   layout_chaotic_city, hellmonk_spider_entry_not_the_bees, minivault_11,
          worms_lemuel
Lair:4:   layout_roguey, uniq_josephine
Lair:5:   cheibrodos_lair_end_hotspot, layout_long_grid,
          minmay_slime_entry_pillars
Orc:1:    layout_diamond_mine
Orc:2:    grunt_orc_community_town_hall, layout_diamond_mine,
          grunt_orc_community_big_house_2, grunt_orc_community_big_house_1,
          grunt_orc_community_house_1, grunt_orc_community_house_1,
          grunt_orc_community_house_2, grunt_orc_community_house_1,
          serial_shops, nicolae_shop_tiny_real_fake_doors, basic_altar

Skill      XL: |  1  2  3  4  5  6  7  8  9 10 11 12 13 14 15 |
---------------+----------------------------------------------+-----
Axes           | 4 5 6 8 11 13 14 16 18 19 20 22 | 22.1
Fighting       | 4 5 6 7 8 10 11 12 13 15 | 15.1
Armour         | 3 4 5 6 7 9 11 12 13 14 | 14.9
Dodging        | 3 4 5 7 8 10 11 12 13 | 13.7
Evocations     | 2 4 |  4.0
Shields        | 5 |  5.3

Action                     |  1- 3 |  4- 6 |  7- 9 | 10-12 | 13-15 || total
---------------------------+-------+-------+-------+-------+-------++-------
  Melee: Hand axe          |    66 |    76 |    91 |       |       ||   233
         Headbutt          |     6 |    14 |    43 |    64 |   277 ||   404
         Punch             |       |     1 |     4 |     8 |     4 ||    17
         War axe           |       |       |   157 |   325 |   360 ||   842
         Demon whip        |       |       |       |    10 |    12 ||    22
         Battleaxe         |       |       |       |       |   698 ||   698
  Throw: Boomerang         |       |       |       |       |     4 ||     4
 Invoke: Berserk           |     1 |     2 |     2 |     5 |     5 ||    15
         Brothers in Arms  |       |       |       |       |     1 ||     1
         Trog's Hand       |       |       |       |       |     2 ||     2
  Evoke: Wand              |       |       |     1 |       |     6 ||     7
    Use: Scroll            |       |     6 |     9 |     9 |    11 ||    35
         Potion            |       |       |       |     1 |       ||     1
   Stab: Invisible         |       |       |     1 |       |       ||     1
         Distracted        |       |       |       |       |     1 ||     1
 Armour: Animal skin       |     3 |       |       |       |       ||     3
         Chain mail        |    25 |    12 |       |       |       ||    37
         Ring mail         |       |    22 |    97 |    52 |       ||   171
         Swamp dragon scal |       |       |       |   125 |   297 ||   422
         Plate armour      |       |       |       |       |   198 ||   198
  Dodge: Dodged            |    36 |    49 |   135 |   211 |   593 ||  1024
  Block: Other             |       |       |       |     7 |   166 ||   173
         Kite shield       |       |       |       |       |    37 ||    37
         Reflection        |       |       |       |       |    16 ||    16

Table legend: (Time is in decaauts)
 A = Elapsed time spent in this place.
 B = Non-inter-level travel time spent in this place.
 C = Inter-level travel time spent in this place.
 D = Time resting spent in this place.
 E = Time spent auto-exploring this place.
 F = Levels seen in this place.
 G = Mean time per level.
                   A        B        C        D        E       F      G
               +--------+--------+--------+--------+--------+-----+--------+
         Total |  22110 |  21262 |    848 |   3507 |  11433 |  24 |  921.2 |
       Dungeon |  12886 |  12300 |    586 |   1255 |   8145 |  15 |  859.1 |
          Lair |   6728 |   6528 |    200 |   1761 |   2888 |   5 | 1345.6 |
  Orcish Mines |   1844 |   1783 |     61 |    408 |    384 |   2 |  922.0 |
         Sewer |     85 |     85 |      0 |      0 |     15 |   1 |   85.0 |
      Ice Cave |    564 |    564 |      0 |     82 |      0 |   1 |  564.0 |
               +--------+--------+--------+--------+--------+-----+--------+

Top non-repeatable levels by time:
  Lair:5: 1592 daAuts
  Lair:4: 1556 daAuts
     D:6: 1439 daAuts
     D:4: 1229 daAuts
  Lair:3: 1216 daAuts
  Lair:2: 1211 daAuts
    D:13: 1195 daAuts
  Lair:1: 1151 daAuts
    D:11: 1147 daAuts
   Orc:2: 1128 daAuts
    D:10: 988 daAuts
     D:7: 984 daAuts
     D:8: 958 daAuts
     D:3: 917 daAuts
    D:14: 873 daAuts
